 Dungeon Crawl Stone Soup version 0.27-a0-951-gae3e1deef5 (webtiles) character file.

Game seed: 12915052646985844560

248 polve the Skirmisher (level 5, -12/42 HPs)
             Began as a Demonspawn Abyssal Knight on Apr 11, 2021.
             Was a Follower of Lugonu.
             Mangled by an iguana (13 damage)
             ... on level 4 of the Dungeon.
             The game lasted 00:02:24 (3817 turns).

polve the Skirmisher (Demonspawn Abyssal Knight)    Turns: 3817, Time: 00:02:25

Health: -12/42     AC:  3    Str: 14    XL:     5   Next: 86%
Magic:  6/6        EV: 11    Int: 13    God:    Lugonu [*.....]
Gold:   95         SH:  0    Dex: 12    Spells: 4/4 levels left

rFire    . . .     SeeInvis +   a - +1 short sword
rCold    . . .     Faith    .   (no shield)
rNeg     . . .     Spirit   .   b - +0 leather armour
rPois    .         Reflect  .   (no helmet)
rElec    .         Harm     .   (no cloak)
rCorr    +         Rampage  .   (no gloves)
Will     .....                  (no boots)
Stlth    +.........             g - amulet of the acrobat
HPRegen  0.14/turn              e - ring of resist corrosion
MPRegen  0.10/turn              h - ring of see invisible

@: brilliant
A: hooves 1, powered by death 2
a: Renounce Religion, Depart the Abyss


You were on level 4 of the Dungeon.
You worshipped Lugonu.
Lugonu was aware of your devotion.
You visited 1 branch of the dungeon, and saw 4 of its levels.
You visited the Abyss 1 time.

You collected 95 gold pieces.

Inventory:

Hand Weapons
 a - a +1 short sword (weapon)
Armour
 b - a +0 leather armour (worn)
Jewellery
 e - a ring of resist corrosion (left hand)
 g - an amulet of the acrobat (around neck)
 h - a ring of see invisible (right hand)
 m - a ring of fire
Scrolls
 c - a scroll of enchant weapon {unknown}
 d - a scroll of vulnerability {unknown}
 j - a scroll of immolation {unknown}
 k - a scroll of fear {unknown}
Potions
 f - 2 potions of brilliance
 i - a potion of ambrosia {unknown}
 l - a potion of lignification {unknown}
 n - a potion of berserk rage {unknown}


   Skills:
 + Level 4.1 Fighting
 - Level 4.0 Short Blades
 + Level 3.4 Armour
 - Level 0.8 Dodging
 - Level 2.4 Invocations


You had 4 spell levels left.
You didn't know any spells.
Your spell library was empty.

Dungeon Overview and Level Annotations

Branches:
Dungeon (4/15)
 Temple: D:4-7

Altars:
Ru
Zin


Innate Abilities, Weirdness & Mutations

You have large cloven feet.
You regenerate health from kills.


Message History

You are too injured to fight recklessly!
You are too injured to fight recklessly!
You are too injured to fight recklessly!
You are too injured to fight recklessly!
You are too injured to fight recklessly!
You are too injured to fight recklessly!
You are too injured to fight recklessly!
You are too injured to fight recklessly!
You are too injured to fight recklessly!
You are too injured to fight recklessly!
You are too injured to fight recklessly!
You are too injured to fight recklessly!
You are too injured to fight recklessly!
You hit the iguana.
The iguana is lightly wounded.
The iguana barely misses you.
You hit the iguana. You kick the iguana, but do no damage.
The iguana is moderately wounded.
The iguana bites you!
You closely miss the iguana.
The iguana is moderately wounded.
The iguana barely misses you.
You closely miss the iguana. You kick the iguana, but do no damage.
The iguana is moderately wounded.
The iguana bites you!
You hit the iguana but do no damage. Your kick misses the iguana.
The iguana is moderately wounded.
The iguana barely misses you.
You hit the iguana but do no damage.
The iguana is moderately wounded.
The iguana bites you!
* * * LOW HITPOINT WARNING * * *
You barely miss the iguana.
The iguana is moderately wounded.
The iguana bites you.
* * * LOW HITPOINT WARNING * * *
It was a potion of brilliance.
You feel clever all of a sudden. The iguana bites you!
You die...

... #.........<##
.... #...######.#
..... #...# #§#
......###...# #§#
#..........# #.#
#.#.###.!..# #.#
#..........## #.#
###.....<...### #.#
.......@l.......#.#
####........###.#.#
#.........#
#.$.........#
#.#.........# #
#.........#
..........#
....#####.##


You could see an iguana.

Vanquished Creatures
  A phantom (D:4)
  Natasha (thrice) (D:3)
  4 adders
  An orc (D:3)
  A ball python (D:2)
  A bat (D:1)
  6 endoplasms
  A giant cockroach (D:1)
  5 goblins
  8 hobgoblins
  10 jackals
  8 kobolds
  A quokka (D:2)
  2 frilled lizards
  3 rats
55 creatures vanquished.

Vanquished Creatures (others)
  2 plants (D:3)
  4 withered plants (D:3)
6 creatures vanquished.

Grand Total: 61 creatures vanquished

Notes
Turn   | Place    | Note
-------+----------+-------------------------------------------
     0 | Abyss:1  | polve the Demonspawn Abyssal Knight began the quest for the
                  | Orb.
     0 | Abyss:1  | Reached XP level 1. HP: 18/18 MP: 2/2
    45 | Abyss:1  | Noticed a small abomination
    45 | D:1      | Escaped the Abyss
   361 | D:1      | Gained mutation: You regenerate a little health from kills.
                  | [demonic ancestry]
   361 | D:1      | Reached XP level 2. HP: 23/24 MP: 3/3
   579 | D:1      | Reached * piety under Lugonu
  1169 | D:2      | Gained mutation: You regenerate health from kills. [demonic
                  | ancestry]
  1169 | D:2      | Reached XP level 3. HP: 25/29 MP: 4/4
  2064 | D:3      | Found a sacrificial altar of Ru.
  2094 | D:3      | Noticed Natasha
  2108 | D:3      | Killed Natasha
  2109 | D:3      | Gained mutation: You have large cloven feet. [demonic
                  | ancestry]
  2109 | D:3      | Reached XP level 4. HP: 22/35 MP: 5/5
  2620 | D:3      | Noticed Natasha
  2629 | D:3      | HP: 1/35 [crimson imp[Natasha] (1)]
  2630 | D:3      | Killed Natasha
  2631 | D:3      | Reached XP level 5. HP: 4/41 MP: 6/6
  2728 | D:3      | Noticed Natasha
  2922 | D:3      | Killed Natasha
  3258 | D:3      | Found a faded altar of an unknown god.
  3595 | D:4      | Noticed a phantom
  3615 | D:4      | Killed a phantom
  3814 | D:4      | HP: 2/42 [iguana (12)]
  3817 | D:4      | Mangled by an iguana

Illustrated notes

Levels and vault maps discovered:
D:1:      matt_arrival_los_fun, layout_rooms, serial_bayou_lagoon_a,
          serial_park_tiny_1
D:2:      layout_loops_ring
D:3:      layout_basic, chequers_temple_overflow_statue_of_worship,
          shapermc_ecumenical_altar_flowoftime, uniq_natasha
D:4:      layout_basic, minmay_temple_entry_wispy, serial_shops,
          kennysheep_mini_moat, chequers_avenue, minmay_unequal

Skill      XL: |  1  2  3  4  5 |
---------------+----------------+-----
Short Blades   | 2 3 4 |  4.0
Armour         | 2 3 |  3.4
Fighting       | 4 |  4.1
Dodging        | |  0.8
Invocations    | |  2.4

Action                   |  1- 3 |  4- 6 || total
-------------------------+-------+-------++-------
Melee: Short sword       |   176 |   117 ||   293
       Kick              |       |    33 ||    33
Invok: Depart the Abyss  |     1 |       ||     1
  Use: Potion            |       |     1 ||     1
Armor: Leather armour    |    43 |    13 ||    56
Dodge: Dodged            |   111 |    42 ||   153

Table legend: (Time is in decaauts)
 A = Elapsed time spent in this place.
 B = Non-inter-level travel time spent in this place.
 C = Inter-level travel time spent in this place.
 D = Time resting spent in this place.
 E = Time spent auto-exploring this place.
 F = Levels seen in this place.
 G = Mean time per level.
                   A        B        C        D        E       F      G
               +--------+--------+--------+--------+--------+-----+--------+
         Total |   3806 |   3720 |     86 |      0 |   3210 |   5 |  761.2 |
       Dungeon |   3761 |   3675 |     86 |      0 |   3165 |   4 |  940.2 |
         Abyss |     45 |     45 |      0 |      0 |     45 |   1 |   45.0 |
               +--------+--------+--------+--------+--------+-----+--------+

Top non-repeatable levels by time:
     D:3: 1770 daAuts
     D:1: 1000 daAuts
     D:2: 959 daAuts
 Abyss:1: 45 daAuts
     D:4: 31 daAuts
